 Dungeon Sprint DCSS version 0.29-a0-925-g0a7a3d12f8 (webtiles) character file.

Game seed: 8258217005469575021

131 Hipnos the Slasher (level 5, -3/42 (48) HPs)
             Began as a Gnoll Cinder Acolyte on July 29, 2022.
             Was a High Priest of Ignis.
             Slain by a necrophage (7 damage)
             ... in the Dungeon (Sprint II: "The Violet Keep of Menkaure").
             The game lasted 00:01:06 (139 turns).

Hipnos the Slasher (Gnoll Cinder Acolyte)            Turns: 139, Time: 00:01:07

HP:   -3/42 (48)    AC:  2    Str: 13    XL:     5   Next: 14%
MP:   10/11         EV: 12    Int: 16    God:    Ignis [*****.]
Gold: 243           SH:  0    Dex:  7    Spells: 12/12 levels left

rFire   + . .      SeeInvis .   a - -1 falchion (flame)
rCold   . . .      Faith    .   (no shield)
rNeg    . . .      Spirit   .   b - +0 robe
rPois   .          Reflect  .   (no helmet)
rElec   .          Harm     .   (no cloak)
rCorr   .          Rampage  .   (no gloves)
Will    .....      NoTele   +   (no boots)
Stlth   ++........              (no amulet)
HPRegen 0.14/turn               (no ring)
MPRegen 0.12/turn               (no ring)

@: on berserk cooldown, slowed, heavily drained, very slow
A: fangs 1, strong nose, distributed training
a: Renounce Religion, Fiery Armour, Foxfire Swarm, Rising Flame


You were in the Dungeon.
You worshipped Ignis.
Ignis was extremely pleased with you.
You visited 1 branch You collected 243 gold pieces.

Inventory:

Hand Weapons
 a - a -1 falchion of flaming (weapon)
Armour
 b - a +0 robe (worn)
Scrolls
 h - a scroll of blinking
Potions
 c - a potion of curing
 d - a potion of heal wounds
 e - a potion of haste
 f - 2 potions of magic


   Skills:
 + Level 7.4 Fighting
 + Level 3.4 Short Blades
 + Level 7.4 Long Blades
 + Level 3.4 Axes
 + Level 3.4 Maces & Flails
 + Level 3.4 Polearms
 + Level 3.4 Staves
 + Level 3.4 Ranged Weapons
 + Level 3.4 Throwing
 + Level 3.4 Armour
 + Level 3.4 Dodging
 + Level 3.4 Stealth
 + Level 3.4 Shields
 + Level 3.4 Unarmed Combat
 + Level 4.4 Spellcasting
 + Level 2.7 Conjurations
 + Level 2.7 Hexes
 + Level 2.7 Summonings
 + Level 2.7 Necromancy
 + Level 2.7 Translocations
 + Level 2.7 Transmutations
 + Level 6.2 Fire Magic
 + Level 2.7 Ice Magic
 + Level 2.7 Air Magic
 + Level 2.7 Earth Magic
 + Level 2.7 Poison Magic
 + Level 3.7 Invocations
 + Level 3.4 Evocations


You had 12 spell levels left.
You didn't know any spells.
Your spell library contained the following spells:

 Spells                   Type           Power      Damage    Failure   Level
 Scorch                   Fire           46%        2d7       1%          2


Dungeon Overview and Level Annotations

Branches:
Dungeon (1/1)

Altars:


Innate Abilities, Weirdness & Mutations

You have very sharp teeth.
Your uncanny sense of smell can sniff out nearby items.
Your experience applies equally to all skills.


Message History

You closely miss the necrophage. You bite the necrophage!
The necrophage is heavily damaged.
The necrophage hits you.
You feel drained.
You barely miss the necrophage.
The necrophage is heavily damaged.
The necrophage closely misses you. The necrophage hits you.
You barely miss the necrophage.
The necrophage is heavily damaged.
You barely miss the necrophage.
The necrophage is heavily damaged.
The necrophage hits you.
You feel drained. The necrophage misses you.
You hit the necrophage. You burn the necrophage.
The necrophage is heavily damaged.
You are no longer berserk.
You are exhausted.
You feel yourself slow down.
You hit the necrophage but do no damage.
The necrophage is heavily damaged.
The necrophage closely misses you. The necrophage misses you.
The necrophage hits you. The necrophage barely misses you.
You hit the necrophage but do no damage.
The necrophage is heavily damaged.
The necrophage closely misses you. The necrophage hits you.
You hit the necrophage. You burn the necrophage.
The necrophage is lightly damaged.
The necrophage hits you but does no damage.
The necrophage barely misses you. The necrophage closely misses you.
The necrophage hits you.
You feel drained.
You barely miss the necrophage. Your bite misses the necrophage.
The necrophage is lightly damaged.
The necrophage closely misses you. The necrophage hits you.
You hit the necrophage. You burn the necrophage.
Your bite misses the necrophage.
The necrophage is lightly damaged.
The necrophage hits you!
* * * LOW HITPOINT WARNING * * *
You feel drained.
* * * LOW HITPOINT WARNING * * *
The necrophage hits you!
You die...

#≈≈#+++#+++##
≈≈≈.........#∆
#+## ∆ #†#.##
#.##..# ∆ #
###..#### #.
#†###.##
#l##.##n..#
#+.<.@n#
∆#l##.##...#
#. #+# #.## #
∆ ## ∆


You could see 2 necrophages.

Vanquished Creatures
  2 necrophages (D)
  3 worms (D)
5 creatures vanquished.

Notes
Turn   | Place    | Note
-------+----------+-------------------------------------------
     0 | D        | Hipnos the Gnoll Cinder Acolyte began the quest for the
                  | Orb.
     0 | D        | Reached XP level 1. HP: 23/23 MP: 4/4
     1 | D        | Noticed a wyvern
     1 | D        | Noticed a wyvern
    18 | D        | Reached skill level 1 in Short Blades
    18 | D        | Reached skill level 1 in Axes
    18 | D        | Reached skill level 1 in Maces & Flails
    18 | D        | Reached skill level 1 in Polearms
    18 | D        | Reached skill level 1 in Staves
    18 | D        | Reached skill level 1 in Ranged Weapons
    18 | D        | Reached skill level 1 in Throwing
    18 | D        | Reached skill level 1 in Armour
    18 | D        | Reached skill level 1 in Dodging
    18 | D        | Reached skill level 1 in Stealth
    18 | D        | Reached skill level 1 in Shields
    18 | D        | Reached skill level 1 in Unarmed Combat
    18 | D        | Reached skill level 1 in Invocations
    18 | D        | Reached skill level 1 in Evocations
    18 | D        | Reached XP level 2. HP: 28/29 MP: 6/6
    25 | D        | Noticed a flying skull
    25 | D        | Noticed a flying skull
    25 | D        | Noticed a flying skull
    25 | D        | Noticed a flying skull
    26 | D        | Noticed a flying skull
    26 | D        | Noticed a flying skull
    26 | D        | Noticed a flying skull
    26 | D        | Noticed a flying skull
    26 | D        | Noticed a flying skull
    26 | D        | Noticed a flying skull
    26 | D        | Noticed a flying skull
    28 | D        | Noticed a flying skull
    31 | D        | Reached skill level 1 in Conjurations
    31 | D        | Reached skill level 1 in Hexes
    31 | D        | Reached skill level 1 in Summonings
    31 | D        | Reached skill level 1 in Necromancy
    31 | D        | Reached skill level 1 in Translocations
    31 | D        | Reached skill level 1 in Transmutations
    31 | D        | Reached skill level 1 in Ice Magic
    31 | D        | Reached skill level 1 in Air Magic
    31 | D        | Reached skill level 1 in Earth Magic
    31 | D        | Reached skill level 1 in Poison Magic
   119 | D        | Noticed a necrophage
   119 | D        | Noticed a necrophage
   119 | D        | Noticed a necrophage
   119 | D        | Noticed a necrophage
   122 | D        | Killed a necrophage
   123 | D        | Reached XP level 3. HP: 36/36 MP: 8/8
   123 | D        | Reached XP level 4. HP: 43/43 MP: 9/9
   129 | D        | Killed a necrophage
   130 | D        | Reached XP level 5. HP: 48/48 MP: 9/11
   139 | D        | Slain by a necrophage

Illustrated notes

Levels and vault maps discovered:
D:        the_violet_keep_of_menkaure [sprint2_stairs_cluster_1,
          sprint2_shoproom, sprint2_temple, sprint2_basic_supplies,
          sprint2_obstacle_3, sprint2_obstacle_4, sprint2_obstacle_1,
          sprint2_obstacle_6, sprint2_obstacle_5, sprint2_timed_cluster_1,
          sprint2_smallroom_cluster_1, sprint2_smallroom_final_cluster_1,
          sprint2_transparent_cluster_1, sprint2_second_timed_cluster_1,
          sprint2_sniper_area_1, sprint2_heavy_combat_area_1,
          sprint2_mutation_trap_area_1, sprint2_forest_area_1,
          sprint2_light_combat_area_1, sprint2_behind_water_1,
          sprint2_near_end_vault_1]

Skill      XL: |  1  2  3  4 |
---------------+-------------+-----
Short Blades   | 1 2 3 |  3.4
Axes           | 1 2 3 |  3.4
Maces & Flails | 1 2 3 |  3.4
Polearms       | 1 2 3 |  3.4
Staves         | 1 2 3 |  3.4
Ranged Weapons | 1 2 3 |  3.4
Throwing       | 1 2 3 |  3.4
Armour         | 1 2 3 |  3.4
Dodging        | 1 2 3 |  3.4
Stealth        | 1 2 3 |  3.4
Shields        | 1 2 3 |  3.4
Unarmed Combat | 1 2 3 |  3.4
Spellcasting   | 3 4 |  4.4
Invocations    | 1 3 |  3.7
Evocations     | 1 2 3 |  3.4
Conjurations   | 2 |  2.7
Hexes          | 2 |  2.7
Summonings     | 2 |  2.7
Necromancy     | 2 |  2.7
Translocations | 2 |  2.7
Transmutations | 2 |  2.7
Ice Magic      | 2 |  2.7
Air Magic      | 2 |  2.7
Earth Magic    | 2 |  2.7
Poison Magic   | 2 |  2.7
Fighting       | 7 |  7.4
Long Blades    | 7 |  7.4
Fire Magic     | 6 |  6.2

Action                   |  1- 3 |  4- 6 || total
-------------------------+-------+-------++-------
Melee: Falchion          |    16 |    16 ||    32
       Bite              |     2 |     1 ||     3
  Use: Potion            |     1 |       ||     1
Armor: Robe              |       |     1 ||     1
Dodge: Dodged            |     5 |    14 ||    19

Table legend: (Time is in decaauts)
 A = Elapsed time spent in this place.
 B = Non-inter-level travel time spent in this place.
 C = Inter-level travel time spent in this place.
 D = Time resting spent in this place.
 E = Time spent auto-exploring this place.
 F = Levels seen in this place.
 G = Mean time per level.
                   A        B        C        D        E       F      G
               +--------+--------+--------+--------+--------+-----+--------+
         Total |    134 |    134 |      0 |     81 |      0 |   1 |  134.0 |
       Dungeon |    134 |    134 |      0 |     81 |      0 |   1 |  134.0 |
               +--------+--------+--------+--------+--------+-----+--------+

Top non-repeatable levels by time:
       D: 134 daAuts
